 Dungeon Crawl Stone Soup version 0.22.0-21-g8bd1b0a (webtiles) character file.

81 AverageBear the Cutter (level 4, 2/27 HPs)
             Began as a Deep Elf Fighter on Aug 20, 2018.
             Quit the game on level 2 of the Dungeon.
             The game lasted 00:01:27 (1092 turns).

AverageBear the Cutter (Deep Elf Fighter)           Turns: 1092, Time: 00:01:28

Health: 2/27       AC:  7    Str: 14    XL:     4   Next: 19%
Magic:  6/6        EV:  6    Int: 13    God:
Gold:   68         SH:  8    Dex: 14    Spells: 3/3 levels left

rFire    . . .     SeeInvis .   a - +0 rapier
rCold    . . .     Gourm    .   c - +0 shield
rNeg     . . .     Faith    .   b - +1 scale mail
rPois    .         Spirit   .   (no helmet)
rElec    .         Reflect  .   (no cloak)
rCorr    .         Harm     .   (no gloves)
MR       .....                  (no boots)
Stlth    +.........             g - amulet of inaccuracy (curse)
HPRegen  0.09/turn              i - ring of stealth
MPRegen  0.10/turn              (no ring)

@: no status effects
A: no striking features
a: no special abilities


You were on level 2 of the Dungeon.
You were not hungry.

You visited 1 branch of the dungeon, and saw 2 of its levels.

You collected 68 gold pieces.

Inventory:

Hand Weapons
 a - a +0 rapier (weapon)
Armour
 b - a +1 scale mail (worn)
 c - a +0 shield (worn)
Jewellery
 g - a cursed amulet of inaccuracy (around neck)
 i - a ring of stealth (left hand)
Scrolls
 e - a scroll of blinking
 h - a scroll of fear
 j - a scroll of enchant armour
Comestibles
 f - 4 rations
 m - 7 chunks of flesh


   Skills:
 - Level 2.4 Fighting
 + Level 4.5 Short Blades
 - Level 2.4 Armour
 - Level 2.4 Shields


You had 3 spell levels left.
You didn't know any spells.
Your spell library was empty.

Dungeon Overview and Level Annotations

Branches:
Dungeon (2/15)

Altars:

Annotations:
D:2 Natasha


Message History

The frilled lizard bites you but does no damage.
Natasha casts a spell.
You barely miss the frilled lizard.
The frilled lizard is heavily wounded.
The frilled lizard bites you.
* * * LOW HITPOINT WARNING * * *
You block the frilled lizard's attack.
You completely miss the frilled lizard.
The frilled lizard is heavily wounded.
You block the frilled lizard's attack.
You miss the frilled lizard.
The frilled lizard is heavily wounded.
The frilled lizard bites you but does no damage.
You hit the frilled lizard.
You kill the frilled lizard!
The kobold hits you but does no damage.
You closely miss the kobold. The kobold hits you with a whip.
* * * LOW HITPOINT WARNING * * *
Okay, then.
Are you sure you want to abandon this character and quit the game? (Confirm with "yes".)

*,**#..#####.#*,*#.# #.#*,
**,#....# #.#*,*#.# #..,,
**....#..# #.#*,##.# ###,,
****,..###.## #.#*..#,* *,,
***,,,,.***.>* ##.##..#,*
*,* *,,,,**** #.#*
#..#..#*,* *,, ,,,,,*
#.####*#(#..#**,* **,
,***,*
#.....##5#.####.******* **
*,* ****#.@Kh.......,>,,,,,
*,* ####g#.####.*******
*,** *#......# *,* * *,,*
*#.......#* *,* *
**,******#.........# *,* *
*,,,,,,,#.........# *,* *
*******...........#**,*****
* *##..........,,,,,,,***
#.........##*,***,,,,


You could see Natasha, a white imp, a hobgoblin and a kobold.

Vanquished Creatures
  Natasha (D:2)
  An adder (D:2)
  2 dart slugs (D:1)
  2 leopard geckos
  3 giant cockroaches
  5 goblins (D:1)
  2 hobgoblins (D:1)
  10 jackals
  A bat (D:1)
  5 frilled lizards
  4 kobolds
  4 rats
40 creatures vanquished.

Notes
Turn   | Place    | Note
-------+----------+-------------------------------------------
     0 | D:1      | AverageBear the Deep Elf Fighter began the quest for the Orb.
     0 | D:1      | Reached XP level 1. HP: 13/13 MP: 3/3
    67 | D:1      | Reached XP level 2. HP: 9/18 MP: 4/4
   303 | D:1      | Reached skill level 3 in Short Blades
   745 | D:1      | Reached XP level 3. HP: 21/22 MP: 5/5
  1005 | D:2      | Noticed Natasha
  1017 | D:2      | Killed Natasha
  1017 | D:2      | Reached skill level 4 in Short Blades
  1024 | D:2      | Reached XP level 4. HP: 7/27 MP: 6/6
  1071 | D:2      | Noticed Natasha
  1092 | D:2      | Quit the game

Skill      XL: |  1  2  3 |
---------------+----------+-----
Short Blades   | 3 4 |  4.5
Fighting       | |  2.4
Armour         | |  2.4
Shields        | |  2.4

Action                   |  1- 3 |  4- 6 || total
-------------------------+-------+-------++-------
Melee: Rapier            |   150 |    43 ||   193
  Use: Scroll            |     4 |       ||     4
       Potion            |     1 |     1 ||     2
  Eat: Chunk             |     1 |       ||     1
Armor: Scale mail        |    68 |    22 ||    90
Dodge: Dodged            |    45 |    12 ||    57
Block: Shield            |    72 |    17 ||    89
